 Dungeon Crawl Stone Soup version 0.29-a0-823-gc37b1572da (webtiles) character file.

Game seed: 8918524867211492321

17 gobodom the Trooper (level 2, 0/19 (24) HPs)
             Began as a Demonspawn Fighter on July 8, 2022.
             Slain by a quokka (2 damage)
             ... on level 1 of the Dungeon.
             The game lasted 00:00:53 (441 turns).

gobodom the Trooper (Demonspawn Fighter)             Turns: 441, Time: 00:00:54

HP:   0/19 (24)     AC:  6    Str: 16    XL:     2   Next: 44%
MP:   2/2           EV:  8    Int:  9    God:
Gold: 21            SH:  4    Dex: 12    Spells: 1/1 levels left

rFire   . . .      SeeInvis .   a - +0 war axe
rCold   . . .      Faith    .   c - +0 buckler
rNeg    . . .      Spirit   .   b - +0 scale mail
rPois   .          Reflect  .   (no helmet)
rElec   .          Harm     .   (no cloak)
rCorr   .          Rampage  .   (no gloves)
Will    .....                   (no boots)
Stlth   ..........              (no amulet)
HPRegen 0.06/turn               (no ring)
MPRegen 0.08/turn               (no ring)

@: heavily drained
A: hooves 1
a: no special abilities


You were on level 1 of the Dungeon.
You visited 1 branch of the dungeon, and saw 1 of its levels.

You collected 21 gold pieces.

Inventory:

Hand Weapons
 a - a +0 war axe (weapon)
Missiles
 g - 4 curare-tipped darts (quivered)
Armour
 b - a +0 scale mail (worn)
 c - a +0 buckler (worn)
Scrolls
 e - a scroll of identify {unknown}
Potions
 d - a potion of might
 f - a potion of resistance {unknown}


   Skills:
 + Level 3.1 Fighting
 + Level 2.0 Axes
 + Level 3.0 Armour
 + Level 2.9 Shields


You had one spell level left.
You didn't know any spells.
Your spell library was empty.

Dungeon Overview and Level Annotations

Branches:
Dungeon (1/15)

Altars:


Innate Abilities, Weirdness & Mutations

You have large cloven feet.


Message History

The kobold barely misses you. The kobold attacks as you move away!
The kobold hits you but does no damage.
Things that are here:
a +1 dagger of draining; 2 stones; a kobold corpse You closely miss the kobold.
You kick the kobold.
You kill the kobold!
Items here: )) ††.
Things that are here:
a +0 club; a frilled lizard corpse
Things that are here:
a +1 dagger of draining; 2 stones; a kobold corpse
Items here: )) ††.
Okay, then.
Things that are here:
a +0 club; a frilled lizard corpse A quokka comes into view.
You see here 4 curare-tipped darts.
g - 4 curare-tipped darts You barely miss the quokka.
The quokka bites you. x2
You barely miss the quokka. The quokka barely misses you.
The quokka completely misses you.
You barely miss the quokka.
The quokka bites you but does no damage.
The quokka bites you.
You hit the quokka but do no damage. Your kick misses the quokka.
The quokka bites you. x2
You barely miss the quokka.
The quokka bites you but does no damage.
You barely miss the quokka. Your kick misses the quokka.
You block the quokka's attack. The quokka barely misses you.
You miss the quokka. The quokka bites you.
* * * LOW HITPOINT WARNING * * *
The quokka bites you but does no damage.
You barely miss the quokka. The quokka bites you.
* * * LOW HITPOINT WARNING * * *
You hit the quokka but do no damage. The quokka bites you.
* * * LOW HITPOINT WARNING * * *
The quokka closely misses you.
You closely miss the quokka. Your kick misses the quokka. The quokka bites you.
You die...

#..# ###..#.. ##.)#+#
###......
.#....###......###
....####.........#
.................#
..........)......#
#.........)).....#######
.....#..........r.......
...†...#........@#.
.......#.........#
.......#.........#
.......###########
.......# .......#
.......#


You could see a quokka.

Vanquished Creatures
  A dart slug (D:1)
  2 endoplasms (D:1)
  2 goblins (D:1)
  A hobgoblin (D:1)
  2 quokkas (D:1)
  A bat (D:1)
  2 frilled lizards (D:1)
  3 kobolds (D:1)
  A rat (D:1)
15 creatures vanquished.

Notes
Turn   | Place    | Note
-------+----------+-------------------------------------------
     0 | D:1      | gobodom the Demonspawn Fighter began the quest for the Orb.
     0 | D:1      | Reached XP level 1. HP: 18/18 MP: 1/1
   218 | D:1      | Discovered your monstrous ancestry.
   218 | D:1      | Gained mutation: You have large cloven feet. [demonic
                  | ancestry]
   218 | D:1      | Reached XP level 2. HP: 24/24 MP: 2/2
   441 | D:1      | Slain by a quokka

Illustrated notes

Levels and vault maps discovered:
D:1:      minmay_arrival_doors, layout_rooms

Skill      XL: |  1  2 |
---------------+-------+-----
Axes           | 2 |  2.0
Armour         | 3 |  3.0
Fighting       | |  3.1
Shields        | |  2.9

Action                   || total
-------------------------++-------
Melee: War axe           ||    45
       Kick              ||     4
Armor: Scale mail        ||    25
Dodge: Dodged            ||    19
Block: Buckler           ||    12

Table legend: (Time is in decaauts)
 A = Elapsed time spent in this place.
 B = Non-inter-level travel time spent in this place.
 C = Inter-level travel time spent in this place.
 D = Time resting spent in this place.
 E = Time spent auto-exploring this place.
 F = Levels seen in this place.
 G = Mean time per level.
                   A        B        C        D        E       F      G
               +--------+--------+--------+--------+--------+-----+--------+
         Total |    460 |    460 |      0 |      0 |    356 |   1 |  460.0 |
       Dungeon |    460 |    460 |      0 |      0 |    356 |   1 |  460.0 |
               +--------+--------+--------+--------+--------+-----+--------+

Top non-repeatable levels by time:
     D:1: 460 daAuts
